 Dungeon Crawl Stone Soup version 0.30-a0-728-gc68057be0a (webtiles) character file.

Game seed: 733948625486253842

46 hikkokomori the Vexing (level 3, -7/29 HPs)
             Began as a Merfolk Wanderer on Jan 30, 2023.
             Mangled by a worm (9 damage)
             ... on level 3 of the Dungeon.
             The game lasted 00:02:00 (1164 turns).

hikkokomori the Vexing (Merfolk Wanderer)           Turns: 1164, Time: 00:02:01

Health: -7/29      AC:  3    Str: 12    XL:     3   Next: 66%
Magic:  4/4        EV: 10    Int: 12    God:
Gold:   62         SH:  4    Dex: 14    Spells: 3/4 levels left

rFire   . . .      SeeInvis .    a - +0 spear
rCold   . . .      Faith    .    b - +0 buckler
rNeg    . . .      Spirit   .    d - +0 leather armour
rPois   .          Reflect  .    (no helmet)
rElec   .          Harm     .    (no cloak)
rCorr   .          Rampage  .    (no gloves)
Will    .....                    (no boots)
Stlth   ++                       (no amulet)
HPRegen 0.24/turn                (no ring)
MPRegen 0.09/turn                (no ring)

@: lethally poisoned (-7 -> -13)
A: (nimble swimmer 2), mertail
a: no special abilities


You were on level 3 of the Dungeon.
You visited 1 branch of the dungeon, and saw 3 of its levels.

You collected 62 gold pieces.

Inventory:

Hand Weapons
 a - a +0 spear (weapon)
Armour
 b - a +0 buckler (worn)
 d - a +0 leather armour (worn)
Scrolls
 g - 4 scrolls of vulnerability {unknown}
 h - 2 scrolls of fog {unknown}
 k - a scroll of identify {unknown}
Potions
 c - a potion of lignification
 e - a potion of haste {unknown}
 f - a potion of invisibility {unknown}
 i - a potion of degeneration {unknown}
 j - a potion of flight {unknown}
 l - a potion of mutation {unknown}


   Skills:
 * Level 3.0 Fighting
 + Level 2.3 Polearms
 + Level 1.3 Stealth
 + Level 2.3 Shields
 - Level 1.0 Spellcasting
 + Level 3.2 Hexes
 - Level 1.0 Evocations


You had 3 spell levels left.
You knew the following spells:

 Your Spells              Type           Power      Damage    Failure   Level
a - Slow                  Hex            32%        N/A       14%         1

Your spell library contained the following spells:

 Spells                   Type           Power      Damage    Failure   Level
 Dazzling Flash           Conj/Hex       8%         N/A       63%         3
 Summon Guardian Golem    Hex/Summ       4%         N/A       63%         3


Dungeon Overview and Level Annotations

Branches:
Dungeon (3/15)

Altars:


Innate Abilities, Weirdness & Mutations

((You are very nimble when in or above water. (Stealth+, EV+, Speed+++)))
Your lower body shifts to a powerful aquatic tail in water.


Message History

You hit the adder.
The adder is heavily wounded.
The adder bites you.
You are poisoned.
The adder poisons you! You block the worm's attack.
You barely miss the adder.
The adder is moderately wounded.
You feel sick. The adder closely misses you. You block the adder's attack.
The worm bites you!
You closely miss the adder.
The adder is moderately wounded.
You feel sick. The adder closely misses you.
You closely miss the adder.
The adder is moderately wounded.
You feel sick.
You are no longer poisoned.
The adder bites you but does no damage. The worm misses you.
You hit the adder.
The adder is heavily wounded.
The adder bites you.
* * * LOW HITPOINT WARNING * * *
The adder barely misses you.
Things that are here:
a +0 club; a goblin corpse You aren't carrying any items that you can evoke.
You have nothing you can fire or use right now.
You miss the adder.
The adder is heavily wounded.
The adder closely misses you. The worm bites you.
* * * LOW HITPOINT WARNING * * *
You miss the adder.
The adder is heavily wounded.
You block the adder's attack. The adder closely misses you.
You hit the adder.
The adder is severely wounded.
The adder bites you.
* * * LOW HITPOINT WARNING * * *
You are lethally poisoned!
The adder poisons you! The worm bites you!
You die...

##+##
##...##
##.....##
##.......##
#.........#
+...@.....+
#...Sw....#
##.......##
##.....##
##...##
##+##


You could see a worm and an adder.

Vanquished Creatures
  2 dart slugs (D:1)
  3 ball pythons (D:1)
  7 endoplasms
  A giant cockroach (D:1)
  6 goblins
  5 hobgoblins (D:1)
  2 quokkas (D:1)
  2 bats (D:1)
  2 frilled lizards (D:1)
  3 kobolds (D:1)
  2 rats (D:1)
35 creatures vanquished.

Notes
Turn   | Place    | Note
-------+----------+-------------------------------------------
     0 | D:1      | hikkokomori the Merfolk Wanderer began the quest for the
                  | Orb.
     0 | D:1      | hikkokomori set off with the following items: a +0 spear, a
                  | +0 buckler, a potion of lignification, a +0 leather armour;
                  | and the following spell memorised: Slow; and the following
                  | spells available to memorise: Dazzling Flash, Summon
                  | Guardian Golem.
     0 | D:1      | Reached XP level 1. HP: 16/16 MP: 2/2
   204 | D:1      | Reached XP level 2. HP: 21/23 MP: 3/3
   289 | D:1      | Reached skill level 1 in Stealth
   440 | D:1      | Reached XP level 3. HP: 27/28 MP: 4/4
  1164 | D:3      | Mangled by a worm

Illustrated notes

Levels and vault maps discovered:
D:1:      erik_arrival_triangle_medium, layout_loops_ring, minmay_tetromino_o2
D:2:      layout_basic, basic_altar
D:3:      layout_loops_corners, uniq_terence

Skill      XL: |  1  2  3 |
---------------+----------+-----
Stealth        | 1 |  1.3
Polearms       | 2 |  2.3
Fighting       | 3 |  3.0
Shields        | |  2.3
Spellcasting   | |  1.0
Hexes          | |  3.2
Evocations     | |  1.0

Action                     || total
---------------------------++-------
  Melee: Spear             ||   169
   Stab: Sleeping          ||     7
 Armour: Leather armour    ||    41
  Dodge: Dodged            ||    54
  Block: Buckler           ||    29

Table legend: (Time is in decaauts)
 A = Elapsed time spent in this place.
 B = Non-inter-level travel time spent in this place.
 C = Inter-level travel time spent in this place.
 D = Time resting spent in this place.
 E = Time spent auto-exploring this place.
 F = Levels seen in this place.
 G = Mean time per level.
                   A        B        C        D        E       F      G
               +--------+--------+--------+--------+--------+-----+--------+
         Total |   1172 |   1159 |     13 |     93 |    764 |   3 |  390.7 |
       Dungeon |   1172 |   1159 |     13 |     93 |    764 |   3 |  390.7 |
               +--------+--------+--------+--------+--------+-----+--------+

Top non-repeatable levels by time:
     D:1: 996 daAuts
     D:3: 88 daAuts
     D:2: 87 daAuts
